Map: [ESL] Alcyone

Players

LiquidClem (Clem) - Winner!

  • Race: Terran Terran
  • League: Grandmaster
  • Spawn Location: 7:00

Lambo

  • Race: Zerg Zerg
  • Spawn Location: 1:00

Event: HomeStory Cup XXIV

VOD

Have the link to the VOD?

Description

Time

  • Played on: Dec. 1, 2023, 2:16 p.m.
  • Length: 11:00

All games in this series

Show
View Real Time Build Order
Export as new Build Order

LiquidClem Terran - Winner!

Build Orders:  

Get SALT Encoding   

  12  0:00  SCV  
  13  0:12  SCV  
  14  0:17  Supply Depot  
  14  0:24  SCV  
  15  0:38  SCV  
  15  0:40  Barracks  
  16  0:44  Refinery  
  16  0:50  SCV  
  17  0:59  Barracks  
  17  1:02  SCV  
  18  1:14  SCV  
  19  1:27  Orbital Command, Reaper  
  19  1:31  Supply Depot  
  20  1:46  Reaper  
  21  1:53  SCV  
  22  2:03  Reaper  
  22  2:05  SCV  
  24  2:11  Command Center  
  24  2:15  Refinery  
  24  2:18  SCV  
  24  2:22  Reaper  
  26  2:28  Supply Depot  
  26  2:32  SCV  
  27  2:40  Reaper  
  27  2:44  SCV  
  29  2:55  Command Center  
  29  2:59  SCV  
  30  3:09  Marine  
  30  3:11  Marine, SCV  
  33  3:18  Factory  
  33  3:23  SCV  
  35  3:27  Orbital Command  
  35  3:30  Barracks Reactor  
  34  3:36  SCV  
  34  3:38  Marine  
  36  3:45  Bunker  
  36  3:49  SCV  
  36  3:53  SCV  
  37  3:57  Marine  
  37  4:01  SCV, Starport  
  39  4:06  SCV  
  40  4:11  Hellion  
  40  4:12  Hellion  
  40  4:15  Barracks Tech Lab, Marine  
  46  4:18  Orbital Command  
  46  4:20  SCV  
  46  4:22  SCV  
  47  4:33  Stimpack, Marine, SCV  
  47  4:34  SCV  
  47  4:38  Starport Reactor  
  50  4:39  Factory Tech Lab  
  50  4:40  Marine x2  
  50  4:44  SCV  
  50  4:45  SCV  
  54  4:46  SCV  
  54  4:50  Engineering Bay  
  54  4:52  Marine, Engineering Bay  
  56  4:56  SCV  
  56  4:57  Starport Reactor, SCV, Refinery  
  58  5:00  Marine  
  58  5:01  Marine  
  58  5:04  SCV, Supply Depot  
  61  5:08  SCV  
  61  5:09  Siege Tank, SCV  
  61  5:12  Refinery  
  61  5:13  Marine  
  67  5:16  Supply Depot  
  67  5:19  SCV  
  67  5:20  Orbital Command  
  68  5:22  Terran Infantry Weapons Level 1  
  68  5:23  Terran Infantry Armor Level 1, Marine  
  68  5:25  Marine  
  68  5:27  SCV  
  71  5:31  SCV, Marine  
  71  5:32  Barracks  
  73  5:39  SCV  
  73  5:41  Medivac x2, Marine  
  79  5:43  SCV  
  79  5:44  Marine  
  79  5:48  SCV  
  79  5:49  Siege Tank  
  85  5:53  Supply Depot  
  85  6:04  Barracks  
  85  6:05  Supply Depot  
  85  6:06  Barracks  
  85  6:09  SCV x3, Marine x2  
  90  6:11  Medivac  
  90  6:12  Marine  
  90  6:15  Medivac  
  95  6:21  Combat Shield, SCV x3  
  95  6:25  Supply Depot, Refinery  
  98  6:27  Marine  
  98  6:28  Factory  
  98  6:30  Supply Depot  
  99  6:33  SCV x3  
  99  6:35  Marine  
  99  6:37  Barracks Reactor  
  103  6:42  Marine  
  103  6:45  SCV x3  
  103  6:47  Marine  
  105  6:49  Siege Tank  
  105  6:51  Medivac  
  105  6:52  Marine  
  105  6:53  Marine  
  110  6:56  Marine  
  110  6:58  SCV x2  
  110  7:00  Supply Depot, Marine  
  109  7:03  SCV  
  109  7:04  Marine  
  109  7:08  Armory  
  110  7:10  SCV x2  
  110  7:11  Marine  
  110  7:14  Factory Tech Lab  
  115  7:16  Command Center  
  115  7:20  Barracks Reactor x2, Medivac  
  115  7:21  Marine x3  
  117  7:23  Supply Depot  
  117  7:26  Supply Depot  
  117  7:29  Marine x2  
  118  7:32  Widow Mine  
  118  7:35  Widow Mine  
  118  7:36  Supply Depot  
  123  7:39  Marine x3  
  128  7:53  Barracks x2, Supply Depot  
  128  7:55  Barracks  
  128  7:56  Marine x2, Concussive Shells  
  128  7:57  Marine  
  129  7:58  Drilling Claws  
  129  7:59  Widow Mine  
  129  8:00  Terran Infantry Weapons Level 2, Terran Infantry Armor Level 2  
  129  8:01  Marine x3  
  134  8:06  Widow Mine  
  136  8:14  Supply Depot  
  136  8:15  Marine x5  
  136  8:16  Widow Mine  
  136  8:19  Marine  
  144  8:20  Marine  
  144  8:21  Widow Mine  
  144  8:23  SCV  
  144  8:25  Marine  
  144  8:26  Sensor Tower  
  149  8:28  Widow Mine  
  149  8:29  SCV  
  149  8:33  Terran Vehicle And Ship Armor Level 1, SCV  
  149  8:34  Sensor Tower, Marine  
  152  8:35  Supply Depot  
  152  8:36  Marine  
  152  8:37  Widow Mine, Supply Depot  
  152  8:38  Marauder, Marine x2  
  160  8:42  Widow Mine  
  160  8:44  SCV  
  160  8:45  Barracks Tech Lab  
  163  8:49  Widow Mine  
  163  8:51  Supply Depot  
  163  8:57  Marine x3  
  163  8:58  Barracks Tech Lab x2, Widow Mine  
  163  8:59  Marauder x2, Marine  
  173  9:03  Marine x2  
  173  9:08  Medivac  
  165  9:12  Widow Mine, Marine  
  164  9:18  Marine x2  
  164  9:20  Medivac, Widow Mine  
  164  9:21  Marine, Widow Mine  
  164  9:22  Marine  
  168  9:25  Marine  
  149  9:31  SCV  
  149  9:32  SCV  
  149  9:34  Marine x2  
  149  9:35  Marine  
  149  9:37  Medivac  
  148  9:42  Marine  
  148  9:43  SCV  
  146  9:45  Marine x2, Widow Mine  
  146  9:46  Marine x2  
  146  9:47  Widow Mine x2  
  146  9:48  Marauder x3  
  146  9:50  Medivac  
  146  9:52  Marine x2  
  162  9:53  SCV, Marine  
  162  9:56  Planetary Fortress, SCV  
  162  9:57  Command Center  
  164  10:03  Command Center  
  164  10:07  Marine, Widow Mine  
  164  10:09  Marine  
  164  10:10  SCV  
  164  10:14  Marauder x2, Marine x5  
  170  10:15  Marauder  
  177  10:22  SCV, Ghost Academy  
  177  10:27  Medivac x2  
  177  10:28  Marine, Widow Mine  
  184  10:34  Marauder  
  181  10:39  Widow Mine  
  181  10:41  Marine  
  171  10:45  SCV  
Show
View Real Time Build Order
Export as new Build Order

Lambo Zerg 

Build Orders: Hatch First 

Get SALT Encoding   

  12  0:00  Drone  
  13  0:13  Overlord  
  13  0:17  Drone  
  14  0:32  Drone x2  
  16  0:49  Hatchery  
  15  0:51  Drone  
  15  0:54  Drone  
  17  0:58  Drone  
  18  1:08  Extractor  
  17  1:13  Spawning Pool  
  17  1:16  Drone  
  17  1:19  Drone  
  18  1:29  Drone  
  19  1:41  Drone  
  20  1:51  Drone  
  21  2:00  Queen  
  21  2:01  Zergling x4, Queen  
  27  2:11  Drone, Metabolic Boost  
  27  2:13  Overlord  
  28  2:32  Zergling x2  
  28  2:36  Zergling x2  
  29  2:39  Queen  
  29  2:40  Overlord  
  29  2:41  Zergling x2  
  29  2:42  Queen  
  34  2:49  Overlord  
  34  2:50  Drone  
  35  2:57  Zergling x2  
  36  3:08  Zergling x4  
  36  3:09  Drone x4  
  36  3:10  Drone  
  42  3:20  Drone x3  
  43  3:37  Drone, Hatchery  
  43  3:39  Drone  
  44  3:42  Drone x2  
  46  3:49  Drone  
  46  3:50  Drone x4  
  51  3:57  Overlord  
  51  4:02  Drone  
  52  4:07  Extractor, Queen, Overlord  
  52  4:08  Extractor  
  54  4:19  Drone x3  
  57  4:24  Queen  
  57  4:25  Drone  
  57  4:26  Hatchery  
  57  4:28  Drone x2  
  61  4:33  Drone x3  
  61  4:38  Drone, Extractor  
  65  4:43  Drone x4  
  65  4:44  Overlord  
  68  4:49  Lair  
  68  4:51  Drone  
  69  4:54  Queen  
  69  4:59  Overlord  
  71  5:02  Drone  
  71  5:03  Zergling x6  
  71  5:04  Drone  
  71  5:05  Drone  
  77  5:09  Extractor, Baneling Nest  
  77  5:10  Drone  
  76  5:14  Zergling x2  
  76  5:15  Zergling x2  
  76  5:16  Drone x2  
  76  5:18  Drone  
  81  5:22  Drone x4  
  81  5:24  Drone  
  81  5:25  Extractor  
  85  5:30  Spore Crawler  
  85  5:32  Zergling x2  
  85  5:33  Zergling x2  
  85  5:35  Queen  
  88  5:36  Zergling x2  
  88  5:40  Evolution Chamber  
  88  5:41  Overlord  
  88  5:43  Evolution Chamber  
  88  5:46  Drone  
  88  5:47  Drone x2  
  88  5:48  Overlord  
  90  5:50  Zergling x10  
  90  5:53  Baneling x4  
  90  5:54  Baneling x3  
  90  5:55  Overlord  
  90  5:57  Drone  
  96  5:59  Centrifugal Hooks  
  96  6:07  Baneling x2  
  96  6:13  Drone x4  
  96  6:15  Zergling x8  
  96  6:16  Hatchery  
  96  6:18  Zerg Melee Weapons Level 1  
  103  6:20  Zerg Ground Armor Level 1  
  103  6:24  Zergling x6  
  106  6:26  Overseer  
  106  6:28  Zergling x2  
  106  6:29  Zergling x6  
  110  6:33  Zergling x4  
  110  6:38  Overlord  
  112  6:40  Overlord  
  112  6:44  Overlord  
  111  6:49  Overlord  
  111  6:50  Overlord  
  105  6:57  Overlord  
  105  7:00  Drone x11, Queen  
  101  7:04  Zergling x2  
  101  7:06  Queen  
  101  7:10  Zergling x2  
  101  7:14  Zergling x2  
  101  7:15  Zergling x4, Queen x2  
  105  7:20  Zergling x2  
  110  7:24  Zergling x6  
  110  7:28  Zergling x2, Drone  
  115  7:30  Baneling x3  
  115  7:32  Zergling x2  
  115  7:33  Zergling x2  
  115  7:34  Overseer  
  115  7:35  Zergling x2, Pneumatized Carapace  
  118  7:39  Zergling x4  
  119  7:44  Zergling x4, Spore Crawler  
  119  7:46  Zergling x2  
  119  7:47  Baneling x6  
  119  7:50  Zergling x10  
  125  7:57  Drone x4  
  129  8:00  Zergling x8  
  129  8:02  Hatchery  
  129  8:03  Overlord  
  128  8:10  Zergling x4, Spore Crawler  
  128  8:15  Zergling x12  
  128  8:19  Zergling x2  
  135  8:20  Zergling x4  
  135  8:23  Zerg Melee Weapons Level 2, Zerg Ground Armor Level 2  
  135  8:24  Zergling x14  
  135  8:26  Zergling x2  
  143  8:30  Overlord, Hatchery  
  140  8:35  Zergling x6  
  140  8:38  Drone  
  144  8:41  Overlord  
  144  8:42  Overlord  
  144  8:45  Overlord  
  144  8:46  Baneling x2  
  144  8:47  Baneling x4, Overlord  
  143  8:51  Zergling x20, Overseer  
  150  8:57  Baneling x2  
  150  8:58  Baneling x2  
  150  9:02  Zergling x8  
  150  9:12  Zergling x14  
  150  9:14  Baneling x6  
  146  9:18  Zergling x14  
  146  9:23  Zergling x8  
  152  9:30  Zergling x8  
  132  9:34  Zergling x4  
  132  9:36  Zergling x4, Queen  
  123  9:39  Queen  
  123  9:44  Zergling x16  
  127  9:48  Zergling x14  
  127  9:49  Infestation Pit  
  131  9:53  Drone x4  
  131  9:57  Zergling x2  
  135  10:00  Zergling x6  
  135  10:02  Baneling x7  
  135  10:04  Zergling x4  
  135  10:08  Zergling x8  
  135  10:11  Queen x2  
  135  10:12  Zergling x2  
  135  10:13  Zergling x10, Baneling x7  
  147  10:16  Zergling x10  
  147  10:19  Zergling x2  
  152  10:21  Zergling x2  
  152  10:22  Zergling x2  
  152  10:25  Baneling x6  
  152  10:27  Zergling x6  
  155  10:32  Zergling x6  
  151  10:40  Zergling x18  
Tags
 
Add a new tag
Caveats
  • Supply blocks, unpowered buildings, or Contaminate may cause inaccurate times.
  • Supply counts are checked every 10 seconds.